 Adventure DCSS version bcrawl-1.27.3 (webtiles) character file.

Game seed: 6071076380007991109

333271 galech the Slicer (level 11, 86/86 HPs)
             Began as a Demonspawn Fighter on July 31, 2020.
             Was a High Priest of Okawaru.
             Quit the game on level 11 of the Dungeon.
             The game lasted 00:22:48 (10815 turns).

galech the Slicer (Demonspawn Fighter)             Turns: 10815, Time: 00:22:48

Health: 86/86      AC: 15    Str: 16    XL:     11   Next: 25%
Magic:  6/6        EV: 12    Int: 10    God:    Okawaru [*****.]
Gold:   259        SH:  7    Dex: 16    Spells: 10/10 levels left
                                        Lives:  0   Deaths: 2

rFire    + + .     SeeInvis +   y - +11 short sword of the Median {antimagic, rElec rF++ rC+}
rCold    + + +     Gourm    .   M - +0 buckler {AC+3}
rNeg     . . .     Faith    .   b - +0 scale mail
rPois    .         Spirit   +   (helmet restricted)
rElec    +         Reflect  .   (no cloak)
rCorr    .         Harm     .   (no gloves)
MR       .....                  (no boots)
Stlth    ..........             v - amulet of guardian spirit
HPRegen  0.64/turn              I - ring of insulation
MPRegen  0.10/turn              q - ring of see invisible

@: no status effects
A: horns 1, icy blue scales 3, cold resistance 1, powered by pain 2,
regeneration 1, weak 1
a: Heroism, Finesse, Renounce Religion


You were on level 11 of the Dungeon.
You worshipped Okawaru.
Okawaru was extremely pleased with you.
You were not hungry.

You visited 2 branches of the dungeon, and saw 12 of its levels.
You also visited: Ossuary.

You collected 623 gold pieces.
You spent 364 gold pieces at shops.

Inventory:

Hand Weapons
 a - a +0 war axe
 y - the +11 short sword of the Median (weapon) {antimagic, rElec rF++ rC+}
   (You found it on level 4 of the Dungeon)

   It reduces the magical energy of the wielder, and disrupts the spells and
   magical abilities of those hit.
   Natural abilities and divine invocations are not affected.
   It greatly protects you from fire.
   It protects you from cold.
   It insulates you from electricity.
Armour
 b - a +0 scale mail (worn)
 L - +0 acid dragon scales
 M - a +0 buckler of protection (worn)
 O - a +0 pair of boots
Jewellery
 d - the ring of Tamoum {Int+2 Stlth--}
   (You found it on level 4 of the Dungeon)

   [ring of attention]

   It affects your intelligence (+2).
   It makes you much less stealthy.
 n - an uncursed ring of magical power
 q - a ring of see invisible (right hand)
 r - an uncursed amulet of faith
 v - an amulet of guardian spirit (around neck)
 H - an uncursed ring of fire
 I - a ring of insulation (left hand)
Wands
 l - a wand of polymorph (13)
 C - a wand of paralysis (20)
 J - a wand of digging (13)
 K - a wand of flame (21)
Scrolls
 i - 6 scrolls of fear
 j - 4 scrolls of enchant weapon
 k - 4 scrolls of teleportation
 m - 6 scrolls of remove curse
 o - 2 scrolls of vulnerability {unknown}
 p - 9 scrolls of identify
 t - 2 scrolls of noise
 x - 5 scrolls of magic mapping
 z - a scroll of enchant armour
 D - 3 scrolls of amnesia {unknown}
 P - a scroll of fog {unknown}
Potions
 f - 4 potions of flight {unknown}
 g - 6 potions of mutation
 h - 2 potions of curing
 s - 4 potions of ambrosia {unknown}
 u - 2 potions of lignification {unknown}
 w - 5 potions of resistance {unknown}
 A - 4 potions of cancellation {unknown}
 B - a potion of invisibility {unknown}
 E - 2 potions of agility {unknown}
 F - a potion of brilliance {unknown}
 G - a potion of berserk rage {unknown}
 N - a potion of heal wounds {unknown}
Comestibles
 c - 6 chunks of flesh
 e - 21 rations {!d}


   Skills:
 + Level 8.1 Fighting
 + Level 10.3 Short Blades
 + Level 5.8 Axes
 + Level 8.8 Armour
 + Level 5.7 Dodging
 + Level 1.0 Stealth
 + Level 8.6 Shields
 + Level 2.0 Invocations


You had 10 spell levels left.
You didn't know any spells.
Your spell library contained the following spells:

 Spells                   Type           Power        Failure   Level  Hunger
 Apportation              Tloc           #.....       88%         1    None
 Infusion                 Chrm           #.......     88%         1    None
 Magic Dart               Conj           #...         88%         1    None
 Sandblast                Erth           #.....       88%         1    None
 Slow                     Hex            #.......     88%         1    None
 Summon Butterflies       Summ           #.......     88%         1    None
 Blink                    Tloc           N/A          95%         2    ####...
 Call Imp                 Summ           #.....       95%         2    ####...
 Poisonous Vapours        Pois/Air       #.....       95%         2    ####...
 Song of Slaying          Chrm           #.......     95%         2    ####...
 Conjure Flame            Conj/Fire      #.......     99%         3    #####..
 Mephitic Cloud           Conj/Pois/Air  #.......     99%         3    #####..
 Ozocubu's Armour         Chrm/Ice       #.......     99%         3    #####..
 Regeneration             Chrm/Necr      #.........   99%         3    #####..
 Spectral Weapon          Hex/Chrm       #.......     99%         3    #####..
 Spider Form              Tmut/Pois      #..          99%         3    #####..
 Freezing Cloud           Ice/Air        #.........   100%        6    #######
 Steam Barrier            Chrm/Fire      #.........   100%        6    #######


Dungeon Overview and Level Annotations

Branches:
Dungeon (11/12) Temple (1/1) D:6 Lair (0/6) D:9 Orc (0/1) D:8 Vaults (0/3) D:10 D:11

Altars:
Ashenzari
Cheibriados
Dithmenos
Elyvilon
Fedhas
Gozag
Hepliaklqana
Kikubaaqudgha
Lugonu
Makhleb
Nemelex Xobeh
Okawaru
Qazlal
Ru
Sif Muna
Trog
Uskayaw
Vehumet
Wu Jian
Xom
Yredelemnul
Zin
The Shining One

Shops:
D:7 }   D:9 (   D:10 ?

Annotations:
D:10 1 runed translucent door, Lazarus1551's ghost, journeyman DjFE


Innate Abilities, Weirdness & Mutations

You have a pair of small horns on your head.
You are completely covered in icy blue scales. (AC +4, rC+)
Your flesh is cold resistant. (rC+)
You sometimes gain power by taking damage.
Your natural rate of healing is unusually fast.
You are weak. (Str -2)


Message History

The orc wizard hits you but does no damage.
The orc priest closely misses you. You block the orc's attack.
You barely miss the orc wizard.
The orc wizard is heavily wounded.
The orc wizard closely misses you.
The orc priest hits you but does no damage.
You puncture the orc wizard!
You kill the orc wizard!
Okawaru accepts your kill. The orc closely misses you.
You hit the orc priest.
The orc priest is heavily wounded.
The orc priest invokes the aid of Beogh against you.
Beogh smites you!
You die...
The orc hits you but does no damage.
Xom reaches out...
You are now level 11!
You rejoin the land of the living...
Are you sure you want to abandon this character and quit the game? (Confirm with "yes".)

#.# #.# #.#
#.# #.# #.#
#.# # #.#
#.#########
#.#
#..@......#
#.#
#########.#
######D#
.......#
########


There were no monsters in sight!

Vanquished Creatures
  A frost giant (D:10)
  3 two-headed ogres
  A death knight (D:11)
  An unseen horror (D:10)
  An orc knight (D:10)
  A deep elf mage (D:8)
  An ugly thing (D:10)
  Joseph (D:7)
  An elephant (D:9)
  3 gargoyles
  A troll (D:10)
  A hornet (D:10)
  2 hippogriffs
  19 yaks
  15 humans (D:10)
  A hungry ghost (D:7)
  3 soldier ants (D:9)
  An acid dragon (D:9)
  4 crocodiles
  5 orc warriors
  6 ice beasts
  A sky beast (D:6)
  A black bear (D:9)
  2 necrophages
  3 phantoms
  4 ogres
  A centaur (D:8)
  4 bullfrogs
  A big kobold (D:10)
  12 scorpions
  5 killer bees (D:10)
  8 wights
  3 centaur zombies
  4 crimson imps
  3 orc priests
  4 jellies
  8 hounds
  2 human zombies (Ossuary)
  A bullfrog skeleton (D:4)
  A centaur skeleton (D:6)
  An iguana (D:5)
  Natasha (thrice) (D:3)
  13 orc wizards
  7 worker ants
  A big kobold zombie (Ossuary)
  2 hound skeletons
  4 mummies
  A howler monkey zombie (D:8)
  5 gnolls
  A scorpion zombie (Ossuary)
  10 adders
  5 shadow imps
  2 oozes (D:3)
  An adder zombie (D:6)
  4 worms
  A dart slug (D:2)
  4 leopard geckos (D:2)
  43 orcs
  2 giant cockroaches
  5 gnoll zombies (Ossuary)
  7 goblins
  10 hobgoblins
  18 jackals
  17 kobolds
  3 quokkas
  6 bats
  4 frilled lizards (D:3)
  3 goblin zombies (Ossuary)
  2 hobgoblin zombies (Ossuary)
  4 kobold zombies
  An orc zombie (Ossuary)
  3 rats
333 creatures vanquished.

Vanquished Creatures (others)
  A gnoll (D:9)
  An orc (D:11)
2 creatures vanquished.

Grand Total: 335 creatures vanquished

Notes
Turn   | Place    | Note
-------+----------+-------------------------------------------
     0 | D:1      | galech the Demonspawn Fighter began the quest for the Orb.
     0 | D:1      | Reached XP level 1. HP: 18/18 MP: 1/1
   277 | D:1      | Gained mutation: You have a pair of small horns on your
                  | head. [demonic ancestry]
   277 | D:1      | Reached XP level 2. HP: 20/24 MP: 2/2
   741 | D:2      | Found a faded altar of an unknown god.
   751 | D:2      | Gained mutation: You sometimes gain a little power by
                  | taking damage. [demonic ancestry]
   751 | D:2      | Reached XP level 3. HP: 4/29 MP: 3/3
  1179 | D:2      | Found an opulent altar of Gozag.
  1550 | D:2      | Gained mutation: You are partially covered in icy blue
                  | scales. (AC +2) [demonic ancestry]
  1550 | D:2      | Reached XP level 4. HP: 35/35 MP: 4/4
  2418 | D:4      | Gained mutation: You are weak. (Str -2) [potion of
                  | mutation]
  2418 | D:4      | Gained mutation: Your natural rate of healing is unusually
                  | fast. [potion of mutation]
  2418 | D:4      | HP: 1/35 [poisoned by an orc]
  2480 | D:3      | Noticed Natasha
  2493 | D:3      | Killed Natasha
  2493 | D:3      | Reached XP level 5. HP: 14/41 MP: 5/5
  3009 | D:3      | Reached XP level 6. HP: 40/47 MP: 6/6
  3145 | D:3      | Noticed Natasha
  3156 | D:3      | Killed Natasha
  3218 | D:3      | Noticed Natasha
  3227 | D:3      | Killed Natasha
  3620 | D:4      | Reached skill level 1 in Dodging
  3683 | D:4      | Reached XP level 7. HP: 33/53 MP: 7/7
  3820 | D:4      | Reached skill level 5 in Axes
  3986 | D:4      | Got a translucent iron ring
  4007 | D:4      | Identified the ring of Tamoum {Int+2 Stlth--} (You found it
                  | on level 4 of the Dungeon)
  4159 | D:4      | Found a stormy altar of Qazlal.
  4160 | D:4      | Noticed an air elemental
  4162 | D:4      | Noticed a fire elemental
  4162 | D:4      | Noticed a water elemental
  4213 | D:4      | Got an encrusted short sword
  4265 | D:4      | Identified the +11 short sword of the Median {antimagic,
                  | rElec rF++ rC+} (You found it on level 4 of the Dungeon)
  4296 | D:5      | Entered Level 5 of the Dungeon
  4546 | D:5      | Reached skill level 5 in Armour
  5108 | D:5      | Reached XP level 8. HP: 60/60 MP: 8/8
  5254 | D:6      | Found a shadowy altar of Dithmenos.
  5263 | D:6      | Reached skill level 1 in Short Blades
  5439 | D:6      | Found a white marble altar of Elyvilon.
  5447 | D:6      | Reached skill level 2 in Short Blades
  5586 | D:6      | Reached skill level 3 in Short Blades
  5757 | D:6      | Found a staircase to the Ecumenical Temple.
  5886 | Temple   | Entered the Ecumenical Temple
  5978 | Temple   | Became a worshipper of Warmaster Okawaru
  6126 | D:7      | HP: 3/61 [ice beast (1)]
  6126 | D:7      | Slain by an ice beast
  6127 | D:7      | Reached XP level 7. HP: 0/55 MP: 0/8
  6149 | D:7      | Reached skill level 5 in Shields
  6159 | D:7      | Reached skill level 5 in Fighting
  6159 | D:7      | Reached XP level 8. HP: 52/62 MP: 8/8
  6167 | D:7      | Reached * piety under Okawaru
  6167 | D:7      | Reached skill level 4 in Short Blades
  6186 | D:7      | Found a sand-covered staircase.
  6197 | Ossuary  | Entered an ossuary
  6376 | Ossuary  | Reached ** piety under Okawaru
  6430 | Ossuary  | Reached skill level 5 in Short Blades
  6516 | Ossuary  | Gained mutation: You are mostly covered in icy blue scales.
                  | (AC +3) [demonic ancestry]
  6516 | Ossuary  | Reached XP level 9. HP: 64/68 MP: 9/9
  6577 | D:7      | Noticed Joseph
  6580 | D:7      | Paralysed by Joseph for 3 turns
  6588 | D:7      | Paralysed by Joseph for 3 turns
  6598 | D:7      | Killed Joseph
  6598 | D:7      | Reached skill level 1 in Stealth
  6733 | D:7      | Found a shattered altar of Ashenzari.
  6861 | D:7      | Reached skill level 6 in Short Blades
  6986 | D:7      | Found Neushaz's Gadget Boutique.
  7012 | D:7      | Found a bloodstained altar of Trog.
  7469 | D:8      | Found a staircase to the Orcish Mines.
  7640 | D:8      | Noticed a deep elf mage
  7812 | D:8      | Reached *** piety under Okawaru
  7904 | D:7      | Gained mutation: You sometimes gain power by taking damage.
                  | [demonic ancestry]
  7904 | D:7      | Reached XP level 10. HP: 45/76 MP: 7/10
  7939 | D:8      | Reached **** piety under Okawaru
  8358 | D:9      | Reached skill level 7 in Short Blades
  8488 | D:9      | Noticed an elephant
  8490 | D:9      | Found a staircase to the Lair.
  8650 | D:9      | Killed an elephant
  9005 | D:9      | Noticed a gargoyle
  9010 | D:9      | Reached ***** piety under Okawaru
  9099 | D:9      | Found Lufah's Antique Weapon Emporium.
  9153 | D:8      | Killed a deep elf mage
  9185 | D:9      | Found a sparkling altar of Nemelex Xobeh.
  9210 | D:9      | Reached skill level 8 in Short Blades
  9227 | D:9      | Killed a gargoyle
  9227 | D:9      | Received a gift from Okawaru
  9232 | D:9      | Gained mutation: You are completely covered in icy blue
                  | scales. (AC +4, rC+) [demonic ancestry]
  9232 | D:9      | Reached XP level 11. HP: 48/83 MP: 5/11
  9538 | D:10     | Entered Level 10 of the Dungeon
  9538 | D:10     | Noticed a two-headed ogre
  9552 | D:10     | Killed a two-headed ogre
  9638 | D:10     | Found Kutanoit's Magic Scroll Boutique.
  9641 | D:10     | Bought a scroll of magic mapping for 49 gold pieces
  9641 | D:10     | Bought a scroll of teleportation for 42 gold pieces
  9641 | D:10     | Bought a scroll of magic mapping for 49 gold pieces
  9641 | D:10     | Bought a scroll of magic mapping for 49 gold pieces
  9641 | D:10     | Bought a scroll of identify for 28 gold pieces
  9641 | D:10     | Bought a scroll of magic mapping for 49 gold pieces
  9641 | D:10     | Bought a scroll of identify for 28 gold pieces
  9641 | D:10     | Bought a scroll of identify for 28 gold pieces
  9641 | D:10     | Bought a scroll of teleportation for 42 gold pieces
  9678 | D:10     | Found a runed translucent door.
  9678 | D:10     | Noticed a frost giant
  9680 | D:10     | Noticed Lazarus1551's ghost (journeyman DjFE)
  9689 | D:10     | Killed a frost giant
  9689 | D:10     | Reached skill level 1 in Invocations
  9867 | D:10     | Reached skill level 9 in Short Blades
 10137 | D:10     | Noticed an unseen horror
 10147 | D:10     | Killed an unseen horror
 10395 | D:11     | Found a gate to the Vaults.
 10395 | D:11     | Noticed an orc knight
 10395 | D:11     | Noticed a two-headed ogre
 10395 | D:11     | Noticed a centaur warrior
 10395 | D:11     | Noticed a green ugly thing
 10429 | D:10     | Reached skill level 5 in Dodging
 10497 | D:10     | Killed an orc knight
 10614 | D:10     | Killed a green ugly thing
 10624 | D:10     | Gained mutation: Your flesh is cold resistant. (rC+)
                  | [demonic ancestry]
 10624 | D:10     | Reached XP level 12. HP: 70/92 MP: 4/13
 10676 | D:11     | Noticed a death knight
 10684 | D:11     | Killed a death knight
 10684 | D:11     | Reached skill level 10 in Short Blades
 10736 | D:11     | Noticed a four-headed hydra
 10766 | D:11     | Noticed a two-headed ogre
 10781 | D:11     | Killed a two-headed ogre
 10797 | D:11     | HP: 4/92 [two-headed ogre/+0 giant spiked club (24)]
 10799 | D:11     | Killed a two-headed ogre
 10814 | D:11     | Killed from afar by an orc priest
 10815 | D:11     | Reached XP level 11. HP: 0/86 MP: 0/6
 10815 | D:11     | Quit the game

Skill      XL: |  1  2  3  4  5  6  7  8  9 10 11 12 |
---------------+-------------------------------------+-----
Axes           | 2 3 4 5 |  5.8
Armour         | 3 4 5 6 7 8 |  8.8
Shields        | 3 4 5 6 7 8 |  8.6
Dodging        | 1 2 3 4 5 |  5.7
Fighting       | 5 6 7 8 |  8.1
Short Blades   | 5 6 8 9 10 | 10.3
Stealth        | 1 |  1.0
Invocations    | 1 2 |  2.0

Action                   |  1- 3 |  4- 6 |  7- 9 | 10-12 || total
-------------------------+-------+-------+-------+-------++-------
Melee: War axe           |   118 |   191 |    28 |       ||   337
       Headbutt          |    14 |    29 |    97 |   161 ||   301
       Short sword       |       |       |   434 |   614 ||  1048
Invok: Heroism           |       |       |     2 |    10 ||    12
  Use: Scroll            |     2 |       |     6 |     2 ||    10
       Potion            |       |     2 |     2 |     1 ||     5
  Eat: Chunk             |     7 |    15 |    15 |    21 ||    58
       Ration            |       |       |     3 |       ||     3
Armor: Scale mail        |    84 |   104 |   180 |   210 ||   578
Dodge: Dodged            |    30 |    46 |   112 |   256 ||   444
Block: Medium shield     |    83 |   125 |   225 |    49 ||   482
       Buckler           |       |       |       |   150 ||   150
